Workbook

Sheet PRESUPUESTO TOTAL
B2: PRESUPUESTO DE OBRA - ELXPANSION DE ALUMBRADO PUBLICO
B3: CORREGIMIENTOS SAN FRANCISCO, SAN ANTONIO Y SECTOR EL CHANCO
B4: MUNICIPIO DE TORO
B5: LISTA DE MATERIALES DE ALUMBRADO PUBLICO
A7: CODIGO GOBERNACION | B7: ITEM | C7: DESCRIPCION | D7: UNIDAD | E7: CANTIDAD | F7: V.UNITARIO | G7: V.TOTAL
A8: APU 1.9 | B8: APU 1.9 | C8: LUMINARIA CERRADA COMPLETA LED 50 W | D8: UN | E8: 35 | F8: =APU!F139 -> 1220720 | G8: =+E8*F8 -> 42725200
A9: 60608 | B9: APU 1.1. | C9: POSTE CONCRETO 9 X 510 KG CON D.I. | D9: UN | E9: 15 | F9: =APU!F17 -> 1390800 | G9: =+E9*F9 -> 20862000
A10: 61002 | B10: APU 1.2. | C10: S11 CORRIDO 1 PUESTO ANG 0-3 (SEC) | D10: UN | E10: 28 | F10: =APU!F33 -> 116960 | G10: =+E10*F10 -> 3274880
A11: 61022 | B11: APU 1.3 | C11: S31 TERMINAL SENCILLO 1 PUESTO (SEC) | D11: UN | E11: 12 | F11: =APU!F49 -> 116960 | G11: =+E11*F11 -> 1403520
A12: 61032 | B12: APU 1.4. | C12: S41A TERMINAL DOBLE 1 PUESTO (SEC) | D12: UN | E12: 2 | F12: =APU!F65 -> 170220 | G12: =+E12*F12 -> 340440
A13: 61071 | B13: APU 1.5 | C13: SAX2 CONJUNTO VANO FLOJO CRUCE ACERO | D13: UN | E13: 3 | F13: =APU!F78 -> 304175 | G13: =+E13*F13 -> 912525
A14: 61056 | B14: APU 1.7 | C14: V01 RETENIDA A TIERRA | D14: UN | E14: 13 | F14: =APU!F109 -> 292351 | G14: =+E14*F14 -> 3800563
A15: APU 1.8 | B15: APU 1.8 | C15: ST1 CON D.I. TIERRA CON DUCTO INTERNO | D15: UN | E15: 3 | F15: =APU!F123 -> 504800 | G15: =+E15*F15 -> 1514400
A16: 60241 | B16: APU 1.6 | C16: CONECTOR DE PERFORACION DE AISLAMIENTO 12-4 | D16: UN | E16: 140 | F16: =APU!F90 -> 44850 | G16: =+E16*F16 -> 6279000
A17: 60742 | B17: APU 1,10 | C17: REFLECTOR LED 80 W | D17: UN | E17: 1 | F17: =APU!F154 -> 637620 | G17: =+E17*F17 -> 637620
A18: 60326 | B18: APU 1.11 | C18: CABLE TRIPLEX AAC NUMERO #4 | D18: ML. | E18: 1149.4885 | F18: =APU!F166 -> 57940 | G18: =+E18*F18 -> 66601366
B19: SUBTOTAL MATERIALES A.P. | G19: =ROUND(SUM(G8:G18),0) -> 148351514
C21: SUBTOTAL | G21: =G19 -> 148351514
C22: VALOR ADMINISTRACION | E22: 0.284 | F22: 0.284 | G22: =ROUND(E22*G21,0) -> 42131830
C23: VALOR IMPREVISTOS | E23: 0.01 | F23: 0.01 | G23: =G21*E23 -> 1483515.1
C24: VALOR UTILIDAD | E24: 0.05 | F24: 0.05 | G24: =E24*G21 -> 7417575.7
C25: VALOR TOTAL MATERIALES Y MANO DE OBRA | G25: =ROUND(SUM(G21:G24),0) -> 199384435
C27: VALOR TOTAL ALUMBRADO PUBLICO | G27: =G25 -> 199384435

Sheet APU
A2: ANALISIS DE PRECIOS UNITARIOS DE EXPANSIÓN DE LAS REDES DE ALUMBRADO PÚBLICO MEDIANTE EL SUMINISTRO E INSTALACIÓN DE INFRAESTRUCTURA ELÉCTRICA EN LOS SECTORES EL CHANCO, ENTRADA AL CORREGIMIENTO DE SAN ANTONIO Y ENTRADA AL CORREGIMIENTO DE SAN FRANCISCO – SECTOR EL CEMENTERIO, DEL MUNICIPIO DE TORO, VALLE DEL CAUCA.
A5: APU 1.1
A6: 060608 | B6: POSTE CONCRETO 9 X 510 KG CON D.I. | F6: UND
A7: ITEM | B7: Descripción | C7: Unidad | D7: Cant | E7: Vr/Unitario | F7: Vr/Parcial
B8: POSTE CONCRETO 9 X 510 KG | C8: UND | D8: 1 | E8: 1200000 | F8: =D8*E8 -> 1200000
B9: MEZCLA CONCRETO 1:2 | C9: M3 | D9: 0.1 | E9: 450000 | F9: =D9*E9 -> 45000
B10: SUBTOTAL MATERIALES | F10: =SUM(F8:F9) -> 1245000
B11: VALOR MATERIALES | F11: =SUM(F10:F10) -> 1245000
B13: MANO OBRA ING.ELECTR 3 AYUD-1 OFI-1 PROF | C13: HC | D13: 0.4 | E13: 174500 | F13: =D13*E13 -> 69800
B14: GRUA-MONTACARGA 3 TONELADAS | C14: HRS | D14: 0.4 | E14: 150000 | F14: =D14*E14 -> 60000
B15: HERRAMIENTA MENOR | C15: GLB | D15: 10 | E15: 1600 | F15: =D15*E15 -> 16000
B16: VALOR MANO DE OBRA Y EQUIPO | F16: =SUM(F13:F15) -> 145800
B17: VALOR TOTAL | F17: =F11+F16 -> 1390800
A19: APU 1.2
A20: 61002 | B20: S11 CORRIDO 1 PUESTO ANG 0-3 (SEC) | F20: UND
A21: ITEM | B21: Descripción | C21: Unidad | D21: Cant | E21: Vr/Unitario | F21: Vr/Parcial
A22: 1 | B22: Banda copa sencilla 6" | C22: UND | D22: 1 | E22: 27000 | F22: =D22*E22 -> 27000
A23: 2 | B23: Tornilo de carruaje 5/8X1 1/2" | C23: UND | D23: 1 | E23: 1970 | F23: =D23*E23 -> 1970
A24: 3 | B24: Tornilo de carruaje 5/8X3 1/2" | C24: UND | D24: 2 | E24: 2500 | F24: =D24*E24 -> 5000
A25: 4 | B25: Amarras alambre aislado #12 THHN | C25: ML | D25: 2 | E25: 2870 | F25: =D25*E25 -> 5740
A26: 5 | B26: Percha secundaria un puesto tipo pesado | C26: UND | D26: 1 | E26: 14000 | F26: =D26*E26 -> 14000
A27: 6 | B27: Aislador tipo carrete 3" | C27: UND | D27: 1 | E27: 4500 | F27: =D27*E27 -> 4500
B28: SUBTOTAL MATERIALES | F28: =SUM(F22:F27) -> 58210
B29: VALOR MATERIALES | F29: =SUM(F28:F28) -> 58210
A30: 1 | B30: MANO OBRA ING.ELECTR 3 AYUD-1 OFI-1 PROF | C30: HC | D30: 0.3 | E30: 174500 | F30: =D30*E30 -> 52350
A31: 2 | B31: HERRAMIENTA MENOR | C31: GLB | D31: 4 | E31: 1600 | F31: =D31*E31 -> 6400
B32: VALOR MANO DE OBRA Y EQUIPO | F32: =SUM(F30:F31) -> 58750
B33: VALOR TOTAL | F33: =F29+F32 -> 116960
A35: APU 1.3
A36: 61022 | B36: S31 TERMINAL SENCILLO 1 PUESTO (SEC) | F36: UND
A37: ITEM | B37: Descripción | C37: Unidad | D37: Cant | E37: Vr/Unitario | F37: Vr/Parcial
A38: 1 | B38: Banda copa sencilla 6" | C38: UND | D38: 1 | E38: 27000 | F38: =D38*E38 -> 27000
A39: 2 | B39: Tornilo de carruaje 5/8X1 1/2" | C39: UND | D39: 1 | E39: 1970 | F39: =D39*E39 -> 1970
A40: 3 | B40: Tornilo de carruaje 5/8X3 1/2" | C40: UND | D40: 2 | E40: 2500 | F40: =D40*E40 -> 5000
A41: 4 | B41: Amarras alambre aislado #12 THHN | C41: ML | D41: 2 | E41: 2870 | F41: =D41*E41 -> 5740
A42: 5 | B42: Percha secundaria un puesto tipo pesado | C42: UND | D42: 1 | E42: 14000 | F42: =D42*E42 -> 14000
A43: 6 | B43: Aislador tipo carrete 3" | C43: UND | D43: 1 | E43: 4500 | F43: =D43*E43 -> 4500
B44: SUBTOTAL MATERIALES | F44: =SUM(F38:F43) -> 58210
B45: VALOR MATERIALES | F45: =SUM(F44:F44) -> 58210
A46: 1 | B46: MANO OBRA ING.ELECTR 3 AYUD-1 OFI-1 PROF | C46: HC | D46: 0.3 | E46: 174500 | F46: =D46*E46 -> 52350
A47: 2 | B47: HERRAMIENTA MENOR | C47: GLB | D47: 4 | E47: 1600 | F47: =D47*E47 -> 6400
B48: VALOR MANO DE OBRA Y EQUIPO | F48: =SUM(F46:F47) -> 58750
B49: VALOR TOTAL | F49: =F45+F48 -> 116960
A51: APU 1.4
A52: 61032 | B52: S41A TERMINAL DOBLE 1 PUESTO (SEC) | F52: UND
A53: ITEM | B53: Descripción | C53: Unidad | D53: Cant | E53: Vr/Unitario | F53: Vr/Parcial
A54: 1 | B54: Banda copa doble 6" | C54: UND | D54: 1 | E54: 27000 | F54: =D54*E54 -> 27000
A55: 2 | B55: Tornilo de carruaje 5/8X1 1/2" | C55: UND | D55: 2 | E55: 1970 | F55: =D55*E55 -> 3940
A56: 3 | B56: Tornilo de carruaje 5/8X3 1/2" | C56: UND | D56: 2 | E56: 2500 | F56: =D56*E56 -> 5000
A57: 4 | B57: Amarras alambre aislado #12 THHN | C57: ML | D57: 4 | E57: 2870 | F57: =D57*E57 -> 11480
A58: 5 | B58: Percha secundaria un puesto tipo pesado | C58: UND | D58: 2 | E58: 14000 | F58: =D58*E58 -> 28000
A59: 6 | B59: Aislador tipo carrete 3" | C59: UND | D59: 2 | E59: 4500 | F59: =D59*E59 -> 9000
B60: SUBTOTAL MATERIALES | F60: =SUM(F54:F59) -> 84420
B61: VALOR MATERIALES | F61: =SUM(F60:F60) -> 84420
A62: 1 | B62: MANO OBRA ING.ELECTR 3 AYUD-1 OFI-1 PROF | C62: HC | D62: 0.4 | E62: 174500 | F62: =D62*E62 -> 69800
A63: 2 | B63: HERRAMIENTA MENOR | C63: GLB | D63: 10 | E63: 1600 | F63: =D63*E63 -> 16000
B64: VALOR MANO DE OBRA Y EQUIPO | F64: =SUM(F62:F63) -> 85800
B65: VALOR TOTAL | F65: =F61+F64 -> 170220
A67: APU 1.5
A68: 61071 | B68: SAX2 CONJUNTO VANO FLOJO CRUCE ACERO | F68: UND
A69: ITEM | B69: Descripción | C69: Unidad | D69: Cant | E69: Vr/Unitario | F69: Vr/Parcial
B70: CABLE TRIPLEX AAC #4 | C70: ML | D70: 10 | E70: 15000 | F70: =D70*E70 -> 150000
B71: CONECTOR DE PERFORACION DE AISLAMIENTO | C71: UND | D71: 8 | E71: 14000 | F71: =D71*E71 -> 112000
B72: SUBTOTAL MATERIALES | F72: =SUM(F70:F71) -> 262000
B73: VALOR MATERIALES | F73: =F72 -> 262000
A75: 1 | B75: MANO OBRA ING.ELECTR 3 AYUD-1 OFI-1 PROF | C75: HC | D75: 0.15 | E75: 174500 | F75: =D75*E75 -> 26175
A76: 2 | B76: HERRAMIENTA MENOR | C76: GLB | D76: 10 | E76: 1600 | F76: =D76*E76 -> 16000
B77: VALOR MANO DE OBRA Y EQUIPO | F77: =SUM(F75:F76) -> 42175
B78: VALOR TOTAL | F78: =F73+F77 -> 304175
A80: APU 1.6
A81: 60241 | B81: CONECTOR DE PERFORACION DE AISLAMIENTO 12-4 | F81: UND
A82: ITEM | B82: Descripción | C82: Unidad | D82: Cant | E82: Vr/Unitario | F82: Vr/Parcial
B83: CONECTOR DE PERFORACION DE AISLAMIENTO | C83: UND | D83: 1 | E83: 31615 | F83: =D83*E83 -> 31615
B84: SUBTOTAL MATERIALES | F84: =SUM(F83:F83) -> 31615
B85: VALOR MATERIALES | F85: =F84 -> 31615
A87: 1 | B87: MANO OBRA ING.ELECTR 3 AYUD-1 OFI-1 PROF | C87: HC | D87: 0.03 | E87: 174500 | F87: =D87*E87 -> 5235
A88: 2 | B88: HERRAMIENTA MENOR | C88: GLB | D88: 5 | E88: 1600 | F88: =D88*E88 -> 8000
B89: VALOR MANO DE OBRA Y EQUIPO | F89: =SUM(F87:F88) -> 13235
B90: VALOR TOTAL | F90: =F85+F89 -> 44850
A92: APU 1.7
A93: 61056 | B93: V01 RETENIDA A TIERRA | F93: UND
A94: ITEM | B94: Descripción | C94: Unidad | D94: Cant | E94: Vr/Unitario | F94: Vr/Parcial
B95: BANDA COPA DOBLE 6" | C95: UND | D95: 1 | E95: 27000 | F95: =D95*E95 -> 27000
B96: TORNILLO CARRUAJE 5/8X 3.3/4" | C96: UND | D96: 2 | E96: 1970 | F96: =D96*E96 -> 3940
B97: CABLE ACERO 3/8" | C97: ML | D97: 10 | E97: 2700 | F97: =D97*E97 -> 27000
B98: GUARDACABLE DE 3/8 | C98: ML | D98: 1 | E98: 2000 | F98: =D98*E98 -> 2000
B99: ALAMBRE GALVANIZADO #12 ENTICE | C99: KLS | D99: 0.3 | E99: 9370 | F99: =D99*E99 -> 2811
B100: GRAPA PARALELA TRES TORNILLOS | C100: UND | D100: 3 | E100: 10000 | F100: =D100*E100 -> 30000
B101: ZAPATA DE CONCRETO 40X40X15 CMS | C101: UND | D101: 1 | E101: 105800 | F101: =D101*E101 -> 105800
B102: AISLADOR TENSOR | C102: UND | D102: 1 | E102: 8000 | F102: =D102*E102 -> 8000
B103: SUBTOTAL MATERIALES | F103: =SUM(F95:F102) -> 206551
B104: VALOR MATERIALES | F104: =SUM(F103:F103) -> 206551
B106: MANO OBRA ING.ELECTR 2 AYUD-1 OFI-1 PROF | C106: HC | D106: 0.4 | E106: 174500 | F106: =D106*E106 -> 69800
B107: HERRAMIENTA MENOR | C107: GLB | D107: 10 | E107: 1600 | F107: =D107*E107 -> 16000
B108: VALOR MANO DE OBRA Y EQUIPO | F108: =SUM(F106:F107) -> 85800
B109: VALOR TOTAL | F109: =F104+F108 -> 292351
A111: APU 1.8
B112: ST1 CON D.I. TIERRA CON DUCTO INTERNO | F112: UND
A113: ITEM | B113: Descripción | C113: Unidad | D113: Cant | E113: Vr/Unitario | F113: Vr/Parcial
A114: 1 | B114: CONECTOR TIPO CUÑA | C114: UND | D114: 2 | E114: 30000 | F114: =D114*E114 -> 60000
...
